 Dungeon Crawl Stone Soup version 0.30-a0-652-gcc886f7154 (webtiles) character file.

Game seed: 16662089693920509066

34 Dittersdorf the Shield-Bearer (level 3, -2/24 HPs)
             Began as a Gargoyle Fighter on Jan 17, 2023.
             Slain by Sigmund
             ... wielding a +0 scythe
              (3 damage)
             ... on level 2 of the Dungeon.
             The game lasted 00:01:12 (809 turns).

Dittersdorf the Shield-Bearer (Gargoyle Fighter)     Turns: 809, Time: 00:01:13

Health: -2/24      AC: 13    Str: 21    XL:     3   Next: 31%
Magic:  0/3        EV:  9    Int:  8    God:
Gold:   69         SH:  0    Dex:  9    Spells: 2/2 levels left

rFire   . . .      SeeInvis .    a - +0 flail
rCold   . . .      Faith    .    c - +0 buckler
rNeg    + . .      Spirit   +    b - +0 scale mail
rPois   ∞          Reflect  .    (no helmet)
rElec   +          Harm     .    (no cloak)
rCorr   .          Rampage  .    e - +2 pair of gloves
Will    .....                    (no boots) Stlth
                                 m - amulet of guardian spirit
HPRegen 0.24/turn                (no ring)
MPRegen 0.08/turn                (no ring)

@: confused, mighty
A: sickness immunity, AC +3, negative energy resistance 1, electricity
resistance, torment resistance 1, petrification resistance
a: no special abilities


You were on level 2 of the Dungeon.
You visited 1 branch of the dungeon, and saw 2 of its levels.

You collected 69 gold pieces.

Inventory:

Hand Weapons
 a - a +0 flail (weapon)
Armour
 b - a +0 scale mail (worn)
 c - a +0 buckler (worn)
 e - a +2 pair of gloves (worn)
Jewellery
 m - an amulet of guardian spirit (around neck)
Scrolls
 f - 4 scrolls of vulnerability {unknown}
 i - 2 scrolls of teleportation {unknown}
 j - a scroll of magic mapping {unknown}
 k - 2 scrolls of identify {unknown}
 l - a scroll of noise {unknown}
Potions
 d - a potion of might
 g - 3 potions of brilliance {unknown}
 h - a potion of ambrosia {unknown}


   Skills:
 + Level 3.7 Fighting
 + Level 2.4 Maces & Flails
 + Level 3.7 Armour
 + Level 3.7 Shields


You had 2 spell levels left.
You didn't know any spells.
Your spell library was empty.

Dungeon Overview and Level Annotations

Branches:
Dungeon (2/15)

Altars:

Annotations:
D:2 1 runed translucent door, Crazy Yiuf, Sigmund


Innate Abilities, Weirdness & Mutations

You are immune to sickness and miasma.
Your stone body is resilient. (AC +3)
You are immune to poison.
You resist negative energy. (rN+)
You are resistant to electric shocks. (rElec)
You are resistant to unholy torment.
You are immune to petrification.


Message History

Found a runed translucent door.
Crazy Yiuf shouts!
Crazy Yiuf says, "Whippet tortoise unthinkable!"
Crazy Yiuf says, "Snurf mobile unthinkable!"
You see here a +0 sling.
Found a stone staircase leading down.
No target in view!
You now have 69 gold pieces (gained 10).
m - an amulet of guardian spirit You start putting on your amulet.
You continue putting on your amulet of guardian spirit. x5
You finish putting on your amulet of guardian spirit.
You feel your power drawn to a protective spirit.
m - an amulet of guardian spirit (around neck) Sigmund the Dreaded comes into view.
He is wielding a +0 scythe.
Sigmund shouts!
Sigmund hits you but does no damage.
You feel very mighty all of a sudden.
You hit Sigmund.
Sigmund is moderately wounded.
Sigmund mumbles some strange words.
Sigmund flickers and vanishes!
Deactivating autopickup; reactivate with Ctrl-A.
You completely miss something.
You hear some strange, mumbled words.
Something tries to affect you, but you resist.
You hear some strange, mumbled words.
You are confused.
You barely miss something. Something hits you!
You closely miss something. Something hits you. Something hits you.
Something hits you!
* * * LOW HITPOINT WARNING * * *
You feel less confused.
You hear some strange, mumbled words.
You are confused.
Something hits you.
* * * LOW HITPOINT WARNING * * *
Something hits you.
You die...

### ### #.. ..# #.########.#
#########
######..........###........
........{.@..#...........##
#.######..####.#...##.####.#
#.............#....##.# #.#
#.######..#>##.##.....# #.#
#.######..#.#####.)#### #<##
............# #..# #...
.......$....# #..#######.##
..##.#.###..#####........).#
..... #...........#####.##


There were no monsters in sight!

Vanquished Creatures
  A worm (D:2)
  2 endoplasms
  A giant cockroach (D:1)
  2 goblins (D:2)
  3 hobgoblins
  4 kobolds (D:1)
  11 ball pythons
  2 bats
  2 frilled lizards
  3 rats (D:1)
31 creatures vanquished.

Notes
Turn   | Place    | Note
-------+----------+-------------------------------------------
     0 | D:1      | Dittersdorf the Gargoyle Fighter began the quest for the
                  | Orb.
     0 | D:1      | Reached XP level 1. HP: 14/14 MP: 1/1
   178 | D:1      | Reached XP level 2. HP: 18/19 MP: 2/2
   627 | D:2      | Reached XP level 3. HP: 23/23 MP: 3/3
   709 | D:2      | Found a runed translucent door.
   710 | D:2      | Noticed Crazy Yiuf
   791 | D:2      | Noticed Sigmund
   807 | D:2      | HP: 1/24 [something (6)]
   809 | D:2      | Slain by Sigmund

Illustrated notes

Levels and vault maps discovered:
D:1:      lordsloth_arrival_two_stooges, layout_loops_ring
D:2:      layout_loops_ring, uniq_sigmund, uniq_crazy_yiuf_cottage

Action                   || total
-------------------------++-------
Melee: Flail             ||    74
  Use: Potion            ||     1
Armor: Scale mail        ||    31
Dodge: Dodged            ||    41
Block: Buckler           ||    16

Table legend: (Time is in decaauts)
 A = Elapsed time spent in this place.
 B = Non-inter-level travel time spent in this place.
 C = Inter-level travel time spent in this place.
 D = Time resting spent in this place.
 E = Time spent auto-exploring this place.
 F = Levels seen in this place.
 G = Mean time per level.
                   A        B        C        D        E       F      G
               +--------+--------+--------+--------+--------+-----+--------+
         Total |    833 |    826 |      7 |      0 |    625 |   2 |  416.5 |
       Dungeon |    833 |    826 |      7 |      0 |    625 |   2 |  416.5 |
               +--------+--------+--------+--------+--------+-----+--------+

Top non-repeatable levels by time:
     D:1: 643 daAuts
     D:2: 190 daAuts
